 Dungeon Crawl Stone Soup version 0.29.1-2-gbd0b4ee654 (webtiles) character file.

Game seed: 306861711173815042

98 GitaneMais the Sneak (level 4, -3/30 HPs)
             Began as an Octopode Brigand on Oct 27, 2022.
             Shot with a sling bullet by a goblin (4 damage)
             ... led by Robin
             ... on level 2 of the Dungeon.
             The game lasted 00:05:05 (1733 turns).

GitaneMais the Sneak (Octopode Brigand)             Turns: 1733, Time: 00:05:06

Health: -3/30      AC:  1    Str: 12    XL:     4   Next: 69%
Magic:  4/4        EV: 12    Int: 13    God:
Gold:   66         SH:  0    Dex: 13    Spells: 3/3 levels left

rFire   . . .      SeeInvis .   i - +2 dagger (drain)
rCold   . . .      Faith    .   (no shield)
rNeg    . . .      Spirit   .   (helmet restricted)
rPois   .          Reflect  .   (no amulet)
rElec   .          Harm     .   (no ring)
rCorr   .          Rampage  .   (no ring)
Will    .....                   (no ring)
Stlth   ++++......              (no ring)
HPRegen 0.10/turn               (no ring)
MPRegen 0.09/turn               (no ring)
                                (no ring)
                                (no ring)

@: no status effects
A: almost no armour, amphibious, 8 rings, camouflage 1, gelatinous body 1,
(nimble swimmer 1), tentacles
a: no special abilities


You were on level 2 of the Dungeon.
You visited 1 branch of the dungeon, and saw 2 of its levels.

You collected 66 gold pieces.

Inventory:

Hand Weapons
 a - a +2 dagger
 i - a +2 dagger of draining (weapon)
Missiles
 b - 9 poisoned darts (quivered)
 c - 2 curare-tipped darts
Scrolls
 f - 3 scrolls of fear {unknown}
 j - a scroll of enchant armour {unknown}
 k - a scroll of amnesia {unknown}
 m - a scroll of immolation {unknown}
 n - a scroll of identify {unknown}
 o - a scroll of acquirement {unknown}
Potions
 d - 2 potions of ambrosia {unknown}
 e - a potion of heal wounds {unknown}
 g - a potion of degeneration {unknown}
 h - a potion of curing {unknown}
 l - 2 potions of cancellation {unknown}
 p - a potion of brilliance {unknown}
 q - a potion of resistance {unknown}


   Skills:
 + Level 2.7 Fighting
 * Level 3.3 Short Blades
 - Level 2.0 Throwing
 - Level 1.0 Dodging
 * Level 6.6 Stealth


You had 3 spell levels left.
You didn't know any spells.
Your spell library contained the following spells:

 Spells                   Type           Power      Damage    Failure   Level
 Passage of Golubria      Tloc           0%         N/A       97%         4
 Silence                  Hex/Air        0%         N/A       100%        5
 Lehudib's Crystal Spear  Conj/Erth      0%         10d2      100%        8


Dungeon Overview and Level Annotations

Branches:
Dungeon (2/15)

Altars:

Shops:
D:1 **===

Annotations:
D:2 Natasha, Sigmund


Innate Abilities, Weirdness & Mutations

You cannot wear most types of armour.
You are amphibious.
You can wear up to eight rings at the same time.
Your skin changes colour to match your surroundings (Stealth+).
Your rubbery body absorbs attacks. (AC +1, EV +1)
((You are camouflaged when in or above water. (Stealth+)))
You have tentacles for arms and can constrict up to eight enemies at once.


Message History

The goblin hits you with a +1 dagger of venom.
You are poisoned.
You hit the goblin.
You kill the goblin!
You feel sick. The goblin hits you with a +0 club.
A goblin comes into view. It is wielding a +0 dagger.
You hit the goblin.
You kill the goblin!
You feel sick.
A goblin comes into view. It is wielding a +0 dagger.
The goblin hits you with a +0 club.
* * * LOW HITPOINT WARNING * * *
You hit the goblin. Your grab misses the goblin.
The goblin is heavily wounded.
You feel sick.
You barely miss the goblin. Your grab misses the goblin.
Your squeeze misses the goblin.
The goblin is heavily wounded.
You feel sick. The goblin misses you. The goblin closely misses you.
You hit the goblin.
You kill the goblin!
The goblin closely misses you.
Natasha, Servant of Life and Death comes into view.
You feel sick.
Things that are here:
a +0 club; a goblin corpse Natasha hisses angrily.
You hit the goblin. You grab the goblin.
The goblin is moderately wounded.
You constrict the goblin.
You feel sick. The goblin hits you with a +0 dagger.
* * * LOW HITPOINT WARNING * * *
A goblin comes into view. It is wielding a +0 club.
You hit the goblin.
You kill the goblin!
* * * LOW HITPOINT WARNING * * *
You feel sick.
You are no longer poisoned.
The goblin unwields a +0 dagger.
The goblin wields a +0 sling.
The goblin shoots a sling bullet.
The sling bullet hits you.
You die... ....# #. ####.# ###.# .. ### # ....# #.##.. ##### ..#.# # .g.# # gh#

# #g# .#
#)# ...
#@# #.##
#.# .. #.#
.#.
####.#####
...
#.......[#
. ..
#........#
#........#
#........#
#........#


You could see Natasha and 3 goblins.

Vanquished Creatures
  Natasha (D:2)
  Robin (D:2)
  2 worms (D:2)
  2 dart slugs (D:2)
  2 endoplasms (D:2)
  3 giant cockroaches (D:1)
  12 goblins
  3 hobgoblins
  4 quokkas
  5 ball pythons
  7 bats
  2 frilled lizards
  4 kobolds (D:1)
  3 rats
51 creatures vanquished.

Notes
Turn   | Place    | Note
-------+----------+-------------------------------------------
     0 | D:1      | GitaneMais the Octopode Brigand began the quest for the
                  | Orb.
     0 | D:1      | Reached XP level 1. HP: 14/14 MP: 1/1
   353 | D:1      | Reached XP level 2. HP: 16/19 MP: 2/2
   399 | D:1      | Found a faded altar of an unknown god.
   434 | D:1      | Found Kaskeeph's Assorted Antiques.
   485 | D:1      | Found Ukhlimpon's Assorted Antiques.
   494 | D:1      | Found Achasm's Jewellery Boutique.
   804 | D:1      | Found Osownyvo's Jewellery Emporium.
   900 | D:1      | Found Weigaa's Jewellery Shop.
  1082 | D:1      | Reached XP level 3. HP: 24/24 MP: 3/3
  1292 | D:2      | Reached skill level 6 in Stealth
  1443 | D:2      | Noticed Natasha
  1450 | D:2      | Killed Natasha
  1451 | D:2      | Reached XP level 4. HP: 30/30 MP: 4/4
  1548 | D:2      | Noticed Sigmund
  1717 | D:2      | Noticed Robin
  1724 | D:2      | Killed Robin
  1730 | D:2      | Noticed Natasha
  1733 | D:2      | HP: 1/30 [poisoned by a goblin]
  1733 | D:2      | Shot with a sling bullet by a goblin

Illustrated notes

Levels and vault maps discovered:
D:1:      lightli_arrival_flooded_house, layout_basic, serial_shops,
          shop_statue, shop, shop, shop, shop_fountains, serial_rivers,
          chequers_serial_rivers_micro_c, chequers_serial_rivers_small_3,
          chequers_serial_rivers_small_b, chequers_serial_rivers_marsh,
          chequers_serial_rivers_micro_c, chequers_serial_rivers_large_a,
          dreamdust_ecumenical_altar_statues
D:2:      layout_rooms, basic_altar, due_unseen_surprise, uniq_sigmund,
          uniq_natasha, uniq_robin

Skill      XL: |  1  2  3 |
---------------+----------+-----
Stealth        | 6 |  6.6
Short Blades   | 3 |  3.3
Fighting       | |  2.7
Throwing       | |  2.0
Dodging        | |  1.0

Action                   |  1- 3 |  4- 6 || total
-------------------------+-------+-------++-------
Melee: Dagger            |    53 |    24 ||    77
       Constrict         |    11 |     5 ||    16
       Tentacles         |     9 |     3 ||    12
       Punch             |     1 |     1 ||     2
Throw: Dart              |       |     1 ||     1
 Stab: Sleeping          |    10 |     5 ||    15
Armor: Skin              |     7 |     1 ||     8
Dodge: Dodged            |    18 |    18 ||    36
